Cogmind - Beta 14 @@@ ROGUE MODE // 2024.10.10 @ 17:01:40 Player: Shockbound Result: Destroyed by G-34 Mercenary with Small Laser Performance ------------- Evolutions (0) 0 Regions Visited (1) 200 Robots Destroyed (7) 35 Value Destroyed (179) 179 Prototype IDs (0) 0 Alien Tech Used (0) 0 Bonus (0) 0 TOTAL SCORE: 414 Bonus ------- None Cogmind --------- Core Integrity 0/250 Matter 300/300 Energy 100/100 System Corruption 0% Temperature Cool (6) Movement Core (700) Ox13 Location -10/Materials Parts ------- > --- POWER (1) -------- (None) > --- PROPULSION (2) --- (None) > --- UTILITY (2) ------ High-capacity Storage Unit > --- WEAPON (2) ------- (None) > --- INVENTORY (20) --- Light Ion Engine Light Ion Engine Flight Unit Flight Unit Flight Unit Flight Unit Peak State ------------ > --- POWER ------------ Ion Engine > --- PROPULSION ------- Light Treads Light Treads > --- UTILITY ---------- Small Storage Unit High-capacity Storage Unit > --- WEAPON ----------- Light Assault Rifle > --- INVENTORY -------- Light Ion Engine [Rating: 6] Favorites ----------- Power Ion Engine Engine Ion Engine Propulsion Light Treads Treads Light Treads Utility High-capacity Storage Unit Storage High-capacity Storage Unit Weapon Light Assault Rifle Ballistic Gun Light Assault Rifle Build | -11 -10 ------- Run | Yrd Mat Slots Evolved . | . . Power . | . . Propulsion . | . . Utility . | . . Weapon . | . . Parts Attached 10 | 6 4 Power 5 | 2 3 Engine 5 | 2 3 Core . | . . Reactor . | . . Propulsion 2 | 2 . Treads 2 | 2 . Leg . | . . Wheel . | . . Hover . | . . Flight . | . . Utility 2 | 1 1 Device . | . . Storage 2 | 1 1 Processor . | . . Hackware . | . . Protection . | . . Artifact . | . . Weapon 1 | 1 . Energy Gun . | . . Energy Cannon . | . . Ballistic Gun 1 | 1 . Ballistic Cannon . | . . Launcher . | . . Special Weapon . | . . Impact Weapon . | . . Slashing Weapon . | . . Piercing Weapon . | . . Special Melee Weapon . | . . Unidentified Prototypes . | . . Parts Lost 5 | . 5 Power 2 | . 2 Propulsion 2 | . 2 Utility . | . . Weapon 1 | . 1 Highest Loss Streak 4 | . 4 To Critical Strikes . | . . Average Slot Usage (%) 66 | . 66 Engine 12 | . 12 Treads 26 | . 26 Storage 14 | . 14 Ballistic Gun 12 | . 12 Peak Build Rating 6 | 5 6 Average Rating 4 | 4 4 On Entrance 2 | . 5 Naked Turns . | . . Heaviest Build 46 | 11 46 Greatest Support 40 | 40 40 Greatest Overweight (x) 13 | 1 13 Average Overweight (x) . | . 1 Largest Inventory Capacity 20 | 8 20 Average Capacity 17 | 6 19 Most Carried 7 | 2 7 Average Carried 3 | . 3 Final Capacity 20 | 8 20 Final Carried 6 | 1 6 Class Distribution -------------------- 100% | Mutant Dominant Class ---------------- Mutant | -10/Materials Resources | -11 -10 ----------- Run | Yrd Mat Matter Collected 325 | 187 138 Remotely . | . . Salvage Created 206 | . 206 Parts 13 | . 13 Haulers Intercepted . | . . Recyclers Shooed . | . . Parts Field Recycled . | . . Retrieved Matter . | . . Parts Self-Destructed . | . . Prevented . | . . Kills | -11 -10 ------- Run | Yrd Mat Combat Hostiles Destroyed 7 | . 7 Guns 7 | . 7 Classes Destroyed 2 | . 2 Swarmer 3 | . 3 Grunt 4 | . 4 Best Kill Streak 5 | . 5 Combat Bots Only 5 | . 5 Max Kills in Single Turn 1 | . 1 Gunslinging . | . . Exploded . | . . Melee . | . . Uniques/NPCs Destroyed . | . . Combat | -11 -10 -------- Run | Yrd Mat Hostile Shots Fired 100 | . 100 Missed 26 | . 26 Damage Taken 858 | . 858 Core 253 | . 253 Absorbed by Shields . | . . Core Remaining (%) 100 | 100 . Volleys Fired 30 | . 30 Largest 1 | . 1 Hottest 20 | . 20 Shots Fired 30 | . 30 Gun 30 | . 30 Cannon . | . . Launcher . | . . Special . | . . Kinetic 30 | . 30 Thermal . | . . Explosive . | . . Electromagnetic . | . . Robot Hit Streak 8 | . 8 Robot Miss Streak 3 | . 3 Penetration Max . | . . Secondary Targets . | . . Shots Hit Robots 23 | . 23 Core Hits 14 | . 14 Critical Kills . | . . Critical Parts Destroyed . | . . Critical Strikes . | . . Melee Attacks . | . . Impact . | . . Slashing . | . . Piercing . | . . Sneak Attacks . | . . Combat Hostiles . | . . Follow-up Attacks . | . . Damage Inflicted 214 | . 214 Guns 214 | . 214 Cannons . | . . Explosions . | . . Melee . | . . Ramming . | . . Kinetic 214 | . 214 Thermal . | . . Explosive . | . . Electromagnetic . | . . Impact . | . . Slashing . | . . Piercing . | . . Highest Corruption . | . . Average Corruption . | . . Corruption Purged . | . . Corruption Blocked . | . . Overload Shots . | . . Overflow Damage . | . . Projectiles . | . . Explosions . | . . Melee . | . . Knockbacks . | . . Impact . | . . Kinetic . | . . Secondary . | . . Self-Inflicted Damage . | . . Shots . | . . Rammed . | . . Targets Rammed . | . . Kicked . | . . Crushed . | . . Highest Temperature 10 | . 10 Average Temperature 5 | . 5 Received Heat Transfer 405 | . 405 Siege Activations . | . . Robots Corrupted . | . . Combat Hostiles . | . . Parts Fried . | . . Impact Corruptions . | . . Robots Melted . | . . Combat Hostiles . | . . Parts Melted . | . . Heat Transferred . | . . Parts Sabotaged . | . . Parts Stolen . | . . Parts Stripped . | . . Power Chain Reactions . | . . Alert | -11 -10 ------- Run | Yrd Mat Peak Influence 205 | . 205 Initial . | . . Average 56 | . 69 Maximum Alert Level 1 | . 1 Low Security (%) 93 | 100 92 Level 1 6 | . 7 Level 2 . | . . Level 3 . | . . Level 4 . | . . Level 5 . | . . High Security . | . . Max Security . | . . Squads Dispatched 1 | . 1 Investigation . | . . Extermination . | . . Reinforcement 1 | . 1 Assault . | . . Garrison . | . . Intercept . | . . Searches Triggered . | . . Construction Impeded . | . . Haulers Reinforced . | . . Active Scanning Responses . | . . Cargo Convoy Interrupts . | . . Stealth | -11 -10 --------- Run | Yrd Mat Distress Signals . | . . Communications Jammed . | . . Distress Signals . | . . Times Spotted 15 | . 15 Peak Tracking Total 6 | . 6 Tactical Retreats 1 | . 1 Traps | -11 -10 ------- Run | Yrd Mat Traps Triggered 1 | . 1 Indirectly . | . . Trap Hack Attempts . | . . Triggered . | . . Disarmed . | . . Reprogrammed . | . . Reused . | . . Traps Extracted . | . . Installed . | . . Triggered . | . . Machines | -11 -10 ---------- Run | Yrd Mat Machines Disabled . | . . Max in Single Turn . | . . Machines Repaired . | . . Machines Dismantled . | . . Machines Sabotaged . | . . Overloaded Fab Kills . | . . Hacking | -11 -10 --------- Run | Yrd Mat Machines Accessed 1 | . 1 Terminals 1 | . 1 Fabricators . | . . Repair Stations . | . . Recycling Units . | . . Scanalyzers . | . . Garrison Access . | . . Total Hacks 2 | . 2 Successful . | . . Failed 2 | . 2 Catastrophic . | . . Database Lockouts . | . . Manual . | . . Terminals 2 | . 2 Fabricators . | . . Repair Stations . | . . Recycling Units . | . . Scanalyzers . | . . Garrison Access . | . . Terminal Hacks . | . . Fabricator Hacks . | . . Repair Station Hacks . | . . Recycling Unit Hacks . | . . Scanalyzer . | . . Garrison Access Hacks . | . . Unauthorized Hacks . | . . Terminals . | . . Fabricators . | . . Repair Stations . | . . Recycling Units . | . . Scanalyzers . | . . Garrison Access . | . . Data Cores Recovered . | . . Used . | . . Hacking Detections 1 | . 1 Full Trace Events . | . . Feedback Events . | . . Feedback Blocked . | . . Robot Schematics Acquired . | . . Robots Built . | . . Authchips . | . . Time . | . . Total Robot Build Rating . | . . Part Schematics Acquired . | . . Parts Built . | . . Authchips . | . . Time . | . . Total Part Build Rating . | . . Parts Repaired . | . . Time . | . . Parts Recycled . | . . Recycled Matter . | . . Retrieved Matter . | . . Retrieved Components . | . . Parts Scanalyzed . | . . Part Schematics Acquired . | . . Parts Damaged . | . . Bothacking | -11 -10 ------------ Run | Yrd Mat Used RIF Installer . | . . Robots Hacked . | . . Non-combat . | . . Combat . | . . Robot Hacks Applied . | . . Relay Couplers Released . | . . Fabnet Peak Effective % . | . . Robots Rewired . | . . Allies Hacked . | . . Hacks Repelled . | . . Allies | -11 -10 -------- Run | Yrd Mat Total Allies . | . . Largest Group . | . . Highest-Rated Group . | . . Highest-Rated Ally . | . . Total Orders . | . . Ally Attacks . | . . Total Damage . | . . Kills . | . . Allies Corrupted . | . . Allies Melted . | . . Intel | -11 -10 ------- Run | Yrd Mat Robot Analysis Total . | . . Derelict Logs Recovered . | . . Drone Launches . | . . Drone Recoveries . | . . Exploration | -11 -10 ------------- Run | Yrd Mat Turns Passed 633 | 111 522 Spaces Moved 250 | 64 186 Core 9 | 8 1 Treads 241 | 56 185 Legs . | . . Wheels . | . . Hover . | . . Flight . | . . Fastest Speed 50 | 50 160 Average Speed 219 | 149 244 Slowest Speed 700 | 160 700 Overloaded Moves . | . . Propulsion Burnouts . | . . Robots Hopped . | . . Cave-ins Triggered . | . . Exploration Rate (%) 18 | 6 30 Regions Visited 1 Branch Regions . Pre-discovered Areas . | . . Known Exits Taken . | . . Unknown Exits Taken 1 | 1 . Scrap Searched . | . . Spaces Dug . | . . Terrain Destroyed . | . . Melee . | . . Projectile . | . . AOE . | . . Terrain Rammed . | . . Walls Destroyed . | . . Machines Disabled . | . . Actions | -11 -10 --------- Run | Yrd Mat Total 310 | 79 231 Wait 5 | 4 1 Move 249 | 63 186 Hop . | . . Pick Up 14 | 6 8 Fast Attach . | . . Attach 7 | 5 2 Detach . | . . Swap 3 | 1 2 Drop 2 | . 2 Fire 30 | . 30 Melee . | . . Ram . | . . Kick . | . . Crush . | . . Escape Stasis . | . . Rewire . | . . Trap . | . . Miscellaneous . | . . Route ------- -11/Scrapyard -10/Materials (discovered 4 exits: [*Mat] / [*Min x2] / [*Sub]) History --------- Turn | Location | Event 2 | -11/Scrapyard | Met Revision 17 15 | -11/Scrapyard | Discovered new exit (range 15) 112 | -11/Scrapyard | Entered Materials 316 | -10/Materials | Build established: Mutant 324 | -10/Materials | Discovered new exit (range 8) 444 | -10/Materials | Discovered new exit (range 8) 515 | -10/Materials | Discovered new exit (range 5) 558 | -10/Materials | Discovered new exit (range 13) 566 | -10/Materials | Core integrity fell below 50% 632 | -10/Materials | Core integrity fell below 20% 634 | -10/Materials | Destroyed by G-34 Mercenary with Small Laser Last Messages --------------- A bubble of electromagnetic force engulfs the area. K-01 Serf destroyed. K-01 Serf collects debris. EXIT=FOUND G-34 Mercenary destroyed. K-01 Serf collects debris. G-34 Mercenary destroyed. Acquired 21 matter. Acquired Ion Engine. Acquired 10 matter. Dropped Ion Engine. EXIT=FOUND Connecting with Terminal... Current location identified: Materials Lgt. Treads destroyed. Lgt. Assault Rifle destroyed. R-06 Scavenger collects Ion Engine. Ion Engine destroyed. Lgt. Treads destroyed. Map ----- +----------------------------------------------------+ | ??????????????????# #?????? | | ??????????????????# #?????? | | ??????????????????# ##?????? | | ??????????????????# #??????? | | ################### #??????? | | # + #??????? | | # """##################??????? | | # Y"#???????????##"""#??????? | | + ! """#???????????#"|||"##????? | | # #????????????" ""#????? | | #! ! #???????????? #????? | | #########??????????? < #????? | | #??????????? #????? | | ! ########???? #????? | | """ + #???? #?????? | | """ ## #????# #??????? | | """ #### #????# #??????? | | #??# """ ######% +??????? | | ""?# """ + #??????? | | """ T"?# """ ###### r #??????? | | """ ""## ##???# #??????? | | """ #######/###T### #??????? | | #??????? | | #??????? | | """ % #??????? | | """ #######+########@##??????? | | ??" #???????# % #??????? | | ?? #???????# #??????? | | ?? ????????# #??????? | | ?????????????????# #??????? | | ?????????????????# #??????? | | ?????????????????# #??????? | | ?????????????????# g #??????? | | ?????????????????# ggg #??????? | | ?????????????????#####/######?????? | | ????????????????????# #?????? | | ????????????????????# < #?????? | | ????????????????????# #?????? | | ????????????????????####/####?????? | | ?????????????????????# #?????? | | ?????????????????##### """ #?????? | | ?????????????????# / """ #?????? | | ?????????????????# # """ #?????? | | ?????????????????# # #?????? | | ?????????????????# / #?????? | | ?????????????????# ########?????? | | ?????????????????# #????????????? | | ?????????????????# #????????????? | | ???? ??????## ##???????????? | | ?????" # #???????????? | +----------------------------------------------------+ Best States ------------- Heat Dissipation 25 Energy Generation 10 Energy Capacity 250 Matter Stores 300 Matter Capacity 300 Sight Range 16 Terrain Scan Density 10 Evasion (%) 40 Recoil Reduction 2 Item Schematics ----------------- None Robot Schematics ------------------ None Fabricated ------------ Nothing Alien Tech Used ----------------- None Achievements -------------- None Challenges ------------ None Game ------ Seed ClaymoresMissileSlayer Manual? 0 Play Time 00:04:50 Cumulative 4.7 hours Start 2024.10.10 @ 16:57:12 End 2024.10.10 @ 17:01:40 Sessions 1 Manual Loads 0 Difficulty Rogue Special Mode None Game No. 6 Rogue 6 Adventurer 0 Explorer 0 Win Type - Total 0 Types 0/0/0/0/0/0/0/0/0 Lore% 0 Gallery% 7 Achievement% 9 Wizard Run 0 Options --------- Layout 1 ASCII 0 Keyboard 0 Movement Mouse Keybinds 0 Fullscreen 0 Font 20/SmallcapsGlow Map View 50x35 Zoom Use 0% Tactical HUD 0 Map Filters NONE Filters NONE Steam 1 RUN: 143f90db-d3f3-4597-af92-e620a3ee6692